 Dungeon Crawl Stone Soup version 0.27-a0-1105-g946c659c87 (webtiles) character file.

Game seed: 5288055321295283265

23 siradein the Slasher (level 2, 0/22 HPs)
             Began as a Demonspawn Gladiator on Apr 30, 2021.
             Succumbed to a goblin's poison
             ... on level 2 of the Dungeon.
             The game lasted 00:01:38 (1200 turns).

siradein the Slasher (Demonspawn Gladiator)         Turns: 1200, Time: 00:01:38

Health: 0/22       AC:  5    Str: 14    XL:     2   Next: 72%
Magic:  2/2        EV: 13    Int:  9    God:
Gold:   29         SH:  0    Dex: 20    Spells: 1/1 levels left

rFire    . . .     SeeInvis .   a - +0 long sword
rCold    . . .     Faith    .   (no shield)
rNeg     . . .     Spirit   .   b - +0 leather armour
rPois    .         Reflect  .   c - +0 helmet
rElec    .         Harm     .   (no cloak)
rCorr    .         Rampage  .   (no gloves)
Will     .....                  (no boots)
Stlth    +.........             (no amulet)
HPRegen  0.07/turn              f - +6 ring of dexterity
MPRegen  0.08/turn              (no ring)

@: lethally poisoned (0 -> -6)
A: rugged brown scales 1
a: no special abilities


You were on level 2 of the Dungeon.
You visited 1 branch of the dungeon, and saw 2 of its levels.

You collected 29 gold pieces.

Inventory:

Hand Weapons
 a - a +0 long sword (weapon)
Missiles
 d - 3 throwing nets (quivered)
Armour
 b - a +0 leather armour (worn)
 c - a +0 helmet (worn)
Jewellery
 f - a +6 ring of dexterity (left hand)
Scrolls
 g - 2 scrolls of identify {unknown}
Potions
 e - a potion of attraction {unknown}
 h - a potion of magic {unknown}
 i - a potion of flight {unknown}


   Skills:
 - Level 2.0 Fighting
 + Level 3.7 Long Blades
 - Level 1.7 Throwing
 - Level 2.6 Dodging


You had one spell level left.
You didn't know any spells.
Your spell library was empty.

Dungeon Overview and Level Annotations

Branches:
Dungeon (2/15)

Altars:


Innate Abilities, Weirdness & Mutations

You are partially covered in rugged brown scales. (AC +1, +3% HP)


Message History

You barely miss the quokka.
The quokka is heavily wounded.
The quokka barely misses you.
You riposte.
You slash the quokka!
You kill the quokka!
No target in view!
HP restored.
A goblin comes into view. It is wielding a +0 dagger of venom.
You see here a quokka corpse.
A goblin is nearby!
A goblin is nearby!
The goblin shouts!
The goblin barely misses you.
You barely miss the goblin. The goblin barely misses you.
You hit the goblin.
The goblin is severely wounded.
The goblin hits you but does no damage.
You are poisoned.
You hit the goblin but do no damage.
The goblin is severely wounded.
You feel very sick.
The goblin hits you with a +0 dagger of venom.
You are more poisoned.
You closely miss the goblin.
The goblin is severely wounded.
You feel very sick.
The goblin hits you but does no damage. x2
You are lethally poisoned!
You miss the goblin.
The goblin is severely wounded.
You feel very sick. The goblin closely misses you.
You are too injured to fight recklessly!
* * * LOW HITPOINT WARNING * * *
You feel very sick.
* * * LOW HITPOINT WARNING * * *
You feel very sick.
You see here a quokka corpse.
* * * LOW HITPOINT WARNING * * *
You feel sick.
You die...

..# #.#.#.#...#.# .####.#
#.###.#####.# .....<#
#...........#
..##.###########
#.######.####
............#.. #.# #..#
.....#......#.# #.# #.##
.#...#......#.# #.# #.#
#.....#..#.#.#####.###.#.#
#######..# #.g.@.......#.#
#.......#.#############.#
#.#####.#.........#####.#
#.#########.......# #.#
#.####### #.# #.#
#.#########.#
#...........#
#############


You could see a goblin.

Vanquished Creatures
  2 bats (D:1)
  An endoplasm (D:1)
  A giant cockroach (D:1)
  2 goblins (D:1)
  3 hobgoblins (D:1)
  4 jackals (D:1)
  A quokka (D:2)
  3 kobolds (D:1)
  2 rats (D:1)
  A toadstool (D:1)
20 creatures vanquished.

Vanquished Creatures (others)
  3 toadstools (D:1)
3 creatures vanquished.

Grand Total: 23 creatures vanquished

Notes
Turn   | Place    | Note
-------+----------+-------------------------------------------
     0 | D:1      | siradein the Demonspawn Gladiator began the quest for the
                  | Orb.
     0 | D:1      | Reached XP level 1. HP: 16/16 MP: 1/1
    64 | D:1      | Found a faded altar of an unknown god.
   114 | D:1      | Reached skill level 3 in Long Blades
   441 | D:1      | Gained mutation: You are partially covered in rugged brown
                  | scales. (AC +1, +3% HP) [demonic ancestry]
   441 | D:1      | Reached XP level 2. HP: 16/22 MP: 2/2
  1199 | D:2      | HP: 1/22 [poisoned by a goblin]
  1200 | D:2      | Succumbed to a goblin's poison

Illustrated notes

Levels and vault maps discovered:
D:1:      ldierk_water_garden, layout_basic,
          shapermc_ecumenical_altar_notcrosses, minmay_indecisive_spiral
D:2:      mumra_celtic_spiral_tile, layout_basic, serial_shops,
          nicolae_shop_window_shopping, nrook_campfire

Skill      XL: |  1 |
---------------+----+-----
Long Blades    | 3 |  3.7
Fighting       | |  2.0
Throwing       | |  1.7
Dodging        | |  2.6

Action                   || total
-------------------------++-------
Melee: Long sword        ||    50
Armor: Leather armour    ||    23
Dodge: Dodged            ||    34
       Rpst.: Long sword ||    11

Table legend: (Time is in decaauts)
 A = Elapsed time spent in this place.
 B = Non-inter-level travel time spent in this place.
 C = Inter-level travel time spent in this place.
 D = Time resting spent in this place.
 E = Time spent auto-exploring this place.
 F = Levels seen in this place.
 G = Mean time per level.
                   A        B        C        D        E       F      G
               +--------+--------+--------+--------+--------+-----+--------+
         Total |   1211 |   1193 |     18 |    239 |    819 |   2 |  605.5 |
       Dungeon |   1211 |   1193 |     18 |    239 |    819 |   2 |  605.5 |
               +--------+--------+--------+--------+--------+-----+--------+

Top non-repeatable levels by time:
     D:1: 1071 daAuts
     D:2: 139 daAuts
